 Dungeon Crawl Stone Soup version 0.29-a0-542-g075992c915 (webtiles) character file.

Game seed: 16879041279594378803

15262 quokkamancerX the Carver (level 12, -7/121 HPs)
             Began as a Tengu Berserker on June 3, 2022.
             Was an Elder of Trog.
             Mangled by a skeletal warrior
             ... wielding a +0 long sword
              (9 damage)
             ... on level 11 of the Dungeon on June 4, 2022.
             The game lasted 00:41:43 (15431 turns).

quokkamancerX the Carver (Tengu Berserker)         Turns: 15431, Time: 00:41:44

Health: -7/121     AC: 10    Str: 24    XL:     12   Next: 25%
Magic:  0/22       EV: 17    Int:  8    God:    Trog [****..]
Gold:   815        SH:  0    Dex: 18    Spells: 11/11 levels left

rFire   + . .      SeeInvis .   F - +0 great sword
rCold   + . .      Faith    .   (shield currently unavailable)
rNeg    . . .      Spirit   +   m - +1 scale mail {rF+}
rPois   .          Reflect  .   (helmet restricted)
rElec   .          Harm     .   D - +0 cloak
rCorr   +          Rampage  .   q - +1 pair of gloves of Day {rC+ rCorr}
Will    .....                   (boots unavailable)
Stlth   ..........              c - amulet of guardian spirit
HPRegen 0.30/turn               h - ring of magical power
MPRegen 0.18/turn               E - +6 ring of strength

@: berserking, flying quickly and evasively, very quick
A: beak, talons 3, nimble flight
a: Renounce Religion, Berserk, Trog's Hand, Brothers in Arms


You were on level 11 of the Dungeon.
You worshipped Trog.
Trog was greatly pleased with you.
You visited 1 branch of the dungeon, and saw 11 of its levels.
You also visited: Sewer and Bailey.

You collected 893 gold pieces.
You spent 78 gold pieces at shops.

Inventory:

Hand Weapons
 a - a +0 scimitar
 F - a +0 great sword (weapon)
Missiles
 f - 5 javelins (quivered)
Armour
 m - a +1 scale mail of fire resistance (worn)
 q - the +1 pair of gloves of Day (worn) {rC+ rCorr}
   (You found it in a bailey)

   rC:        It protects you from cold.
   rCorr:     It protects you from acid and corrosion.
 D - a +0 cloak (worn)
Jewellery
 c - an amulet of guardian spirit (around neck)
 h - a ring of magical power (left hand)
 l - an amulet of faith
 p - a ring of protection from cold
 t - an amulet of the acrobat
 u - an amulet of regeneration
 E - a +6 ring of strength (right hand)
Wands
 b - a wand of flame (18)
 d - a wand of paralysis (6)
 o - a wand of mindburst (1)
Scrolls
 i - a scroll of identify
 w - 4 scrolls of enchant weapon
 y - 2 scrolls of vulnerability
 z - a scroll of blinking
 B - a scroll of poison
 C - a scroll of immolation
Potions
 e - 6 potions of lignification
 g - 7 potions of heal wounds
 j - 5 potions of curing
 k - a potion of magic
 n - a potion of brilliance {unknown}
 r - 2 potions of attraction
 s - 2 potions of haste
 v - a potion of might {unknown}
 x - 3 potions of ambrosia
 A - a potion of mutation {unknown}


   Skills:
 + Level 12.2 Fighting
 - Level 14.0 Long Blades
 - Level 2.2 Armour
 + Level 8.3 Dodging
 - Level 6.0 Evocations


You had 11 spell levels left.
You didn't know any spells.
Your spell library was empty.

Dungeon Overview and Level Annotations

Branches:
Dungeon (11/15)            Temple (0/1) D:7            Lair (0/6) D:8
    Orc (0/2) D:10          Sewer (visited)          Bailey (visited)

Altars:
Ashenzari
Hepliaklqana
Makhleb
Nemelex Xobeh
Qazlal
Ru
Yredelemnul
The Shining One

Shops:
D:5 *


Innate Abilities, Weirdness & Mutations

You have a beak for a mouth.
You have claws for feet.
Your magical nature lets you fly swiftly and evasively.


Message History

Trog accepts your kill.
There is a stone staircase leading up here.
You fly upwards.
There is a stone staircase leading down here.
You start resting.
Magic restored.
You start resting.
HP restored.
You fly downwards.
The skeletal warrior misses you.
There is a stone staircase leading up here.
The skeletal warrior hits you with a +0 long sword!!
You slash the skeletal warrior!
The skeletal warrior is moderately damaged.
The skeletal warrior hits you with a +0 long sword!
You slash the skeletal warrior! Your kick misses the skeletal warrior.
You peck the skeletal warrior.
The skeletal warrior is heavily damaged.
The skeletal warrior misses you.
You barely miss the skeletal warrior.
You claw the skeletal warrior, but do no damage.
The skeletal warrior is heavily damaged.
The skeletal warrior hits you with a +0 long sword!
You hit the skeletal warrior but do no damage.
You claw the skeletal warrior.
You peck the skeletal warrior, but do no damage.
The skeletal warrior is heavily damaged.
The skeletal warrior hits you with a +0 long sword!!
You slice the skeletal warrior!!
You claw the skeletal warrior, but do no damage.
The skeletal warrior is severely damaged.
The skeletal warrior hits you with a +0 long sword!
* * * LOW HITPOINT WARNING * * *
A red film seems to cover your vision as you go berserk!
You feel yourself moving faster!
You feel mighty!
The skeletal warrior hits you with a +0 long sword!!
* * * LOW HITPOINT WARNING * * *
You hit the skeletal warrior. You claw the skeletal warrior.
The skeletal warrior is almost destroyed.
The skeletal warrior hits you with a +0 long sword!
You die...

#############################
............................#
...............<@...........#
...........^....z...........#
.........)..................#
............................#
.....)......................#
....########.####...##......#
......#......#..............#
......#......#...........)..#
......#......#..............#


You could see a skeletal warrior.

Vanquished Creatures
  5 two-headed ogres
  Nergalle (D:11)
  2 skeletal warriors (D:11)
  An orc knight (Bailey)
  Pikel (D:9)
  Psyche (D:8)
  A komodo dragon (D:8)
  A troll (D:10)
  3 hornets
  A slime creature (D:8)
  4 wyverns
  A vampire (D:9)
  A wraith (D:11)
  A shadow (D:10)
  9 yaks
  Grum (D:8)
  2 vampire mosquitoes
  3 steam dragons
  2 acid dragons
  2 swamp worms (D:9)
  11 orc warriors
  A sky beast (D:6)
  An ice beast (D:8)
  An ogre (D:3)
  4 wolves (D:8)
  3 centaurs (D:8)
  2 phantoms
  3 kobold brigands (D:8)
  Blork the orc (D:6)
  2 bullfrogs
  3 necrophages
  3 scorpions
  10 wights
  6 killer bees
  5 howler monkeys
  6 jellies
  A gnoll shaman (D:8)
  3 hounds
  Crazy Yiuf (D:7)
  6 orc priests
  Terence (D:2)
  2 iguanas
  8 orc wizards
  A hell rat (Sewer)
  Robin (D:3)
  7 gnolls
  4 adders
  4 shadow imps
  A white imp (D:6)
  An ufetubus (D:6)
  A worm (D:4)
  2 dart slugs (D:1)
  50 orcs
  4 ball pythons
  7 bats
  7 endoplasms
  3 giant cockroaches
  25 goblins
  10 hobgoblins
  3 jackals (D:1)
  6 quokkas
  5 frilled lizards
  14 kobolds
  13 rats
296 creatures vanquished.

Vanquished Creatures (others)
  35 plants
35 creatures vanquished.

Grand Total: 331 creatures vanquished

Notes
Turn   | Place    | Note
-------+----------+-------------------------------------------
     0 | D:1      | quokkamancerX the Tengu Berserker began the quest for the
                  | Orb.
     0 | D:1      | Reached XP level 1. HP: 14/14 MP: 2/2
   114 | D:1      | Found a faded altar of an unknown god.
   127 | D:1      | Reached XP level 2. HP: 11/19 MP: 3/3
   272 | D:1      | Reached skill level 4 in Long Blades
   383 | D:1      | HP: 1/28 [quokka (2)]
   790 | D:1      | Reached XP level 3. HP: 17/23 MP: 2/4
  1251 | D:1      | Reached ** piety under Trog
  1252 | D:1      | Reached skill level 5 in Long Blades
  1740 | D:2      | Reached XP level 4. HP: 27/28 MP: 5/5
  2012 | D:2      | Noticed Terence
  2022 | D:2      | Killed Terence
  2389 | D:3      | Reached skill level 6 in Long Blades
  2389 | D:3      | Noticed Robin
  2403 | D:3      | Gained mutation: Your magical nature lets you fly swiftly
                  | and evasively. [Tengu growth]
  2403 | D:3      | Reached XP level 5. HP: 27/32 MP: 6/6
  2415 | D:3      | Killed Robin
  2765 | D:3      | Reached *** piety under Trog
  2891 | D:3      | Noticed an ogre
  2911 | D:3      | Killed an ogre
  2912 | D:3      | Reached skill level 7 in Long Blades
  2912 | D:3      | Reached XP level 6. HP: 37/37 MP: 7/7
  3236 | D:3      | Found a glowing golden altar of the Shining One.
  3306 | D:3      | Found a hazy altar of Hepliaklqana.
  3420 | D:4      | Found a basalt altar of Yredelemnul.
  3429 | D:4      | Found a sparkling altar of Nemelex Xobeh.
  3611 | D:4      | Reached skill level 8 in Long Blades
  3686 | D:4      | Found a glowing drain.
  3704 | Sewer    | Entered a sewer
  3799 | Sewer    | Reached XP level 7. HP: 18/39 MP: 3/8
  4629 | D:5      | Entered Level 5 of the Dungeon
  4664 | D:5      | Found a broken altar of Ashenzari.
  4668 | D:5      | Found a stormy altar of Qazlal.
  4843 | D:5      | Found Koboy's General Store.
  4850 | D:5      | Reached skill level 9 in Long Blades
  4968 | D:5      | Bought a potion of heal wounds for 65 gold pieces
  4968 | D:5      | Bought a potion of degeneration for 13 gold pieces
  5062 | D:5      | Noticed a wyvern
  5073 | D:5      | Killed a wyvern
  5078 | D:5      | Reached skill level 10 in Long Blades
  5175 | D:5      | Reached XP level 8. HP: 46/46 MP: 9/9
  5594 | D:6      | Noticed Blork the orc
  5601 | D:6      | Killed Blork the orc
  5756 | D:6      | Found a sacrificial altar of Ru.
  5876 | D:6      | Reached skill level 11 in Long Blades
  6578 | D:7      | Reached skill level 12 in Long Blades
  6590 | D:7      | Noticed a wyvern
  6599 | D:7      | Killed a wyvern
  6721 | D:7      | Reached XP level 9. HP: 40/50 MP: 10/10
  7088 | D:7      | Reached **** piety under Trog
  7244 | D:7      | Reached skill level 13 in Long Blades
  7354 | D:7      | Found a staircase to the Ecumenical Temple.
  7640 | D:7      | Reached skill level 14 in Long Blades
  8045 | D:7      | Found a runed translucent door.
  8046 | D:7      | Noticed Crazy Yiuf
  8051 | D:7      | Killed Crazy Yiuf
  8052 | D:7      | Reached skill level 1 in Evocations
  8385 | D:8      | Noticed Psyche
  8418 | D:8      | Killed Psyche
  8419 | D:8      | Reached skill level 5 in Fighting
  8426 | D:8      | Reached XP level 10. HP: 59/59 MP: 11/11
  9285 | D:8      | Noticed Grum
  9849 | D:8      | Killed Grum
  9850 | D:8      | Reached skill level 5 in Evocations
 10031 | D:8      | Noticed a two-headed ogre
 10041 | D:8      | Found a burning altar of Makhleb.
 10344 | D:8      | Killed a two-headed ogre
 10576 | D:8      | Noticed a two-headed ogre
 10584 | D:8      | Killed a two-headed ogre
 10585 | D:8      | Reached XP level 11. HP: 65/72 MP: 12/12
 10768 | D:8      | Found a staircase to the Lair.
 10816 | D:8      | Reached skill level 10 in Fighting
 11075 | D:8      | Identified the +1 leather armour "Yclin" {*Corrode Str+4
                  | SInv}
 11429 | D:9      | Found a flagged portal.
 11466 | Bailey   | Entered a bailey
 11757 | Bailey   | Noticed an orc knight
 11991 | Bailey   | Killed an orc knight
 12146 | Bailey   | Identified the +1 pair of gloves of Day {rC+ rCorr}
 12219 | D:9      | Paralysed by a hornet for 3 turns
 12226 | D:9      | Paralysed by a hornet for 1 turns
 12588 | D:9      | Noticed a two-headed ogre
 12596 | D:9      | Killed a two-headed ogre
 12699 | D:9      | Noticed Pikel
 12718 | D:9      | Killed Pikel
 12719 | D:9      | Reached skill level 5 in Dodging
 13279 | D:9      | Upgraded the game from 0.29-a0-541-gaf1fc19f1b to
                  | 0.29-a0-542-g075992c915
 13280 | D:10     | Entered Level 10 of the Dungeon
 13288 | D:10     | Noticed a two-headed ogre
 14147 | D:10     | Noticed a two-headed ogre
 14188 | D:10     | Found a staircase to the Orcish Mines.
 14335 | D:10     | Killed a two-headed ogre
 14447 | D:10     | Reached XP level 12. HP: 69/80 MP: 13/13
 14622 | D:10     | Killed a two-headed ogre
 14787 | D:11     | Noticed Nergalle
 14794 | D:11     | Killed Nergalle
 15430 | D:11     | HP: 2/121 [skeletal warrior/+0 long sword (20)]
 15431 | D:11     | Mangled by a skeletal warrior

Illustrated notes

Levels and vault maps discovered:
D:1:      tarquinn_simple_flora_water_b, layout_basic,
          hellmonk_ecumenical_altar_pennies_from_heaven,
          minmay_misc_feat_pillars, grunt_decor_mini_mirrors,
          minmay_pentomino_o2
D:2:      layout_basic, uniq_terence
D:3:      layout_loops_cross, mainiacjoe_overflow_alcove_2,
          nicolae_overflow_hidden_temple, minmay_ogre_servants, uniq_robin
D:4:      layout_cave_pods, mainiacjoe_overflow_catwalk_spiral,
          cheibrodos_sewer_entry_bend
D:5:      layout_loops_ring, chequers_temple_overflow_statue_of_worship,
          serial_shops, nicolae_shop_crystal
D:6:      minmay_angry_zag, layout_basic, amcnicky_altar_gilded,
          grunt_decor_junction, uniq_blork_the_orc
D:7:      layout_loops_cross, minmay_temple_entry_trees, kennysheep_minor_cross,
          uniq_crazy_yiuf_cottage
D:8:      cheibrodos_ideogram_h, layout_loops_ring, lemuel_crystal_altar,
          david_lair_shrubbed, uniq_psyche, uniq_grum
D:9:      layout_cave_pools, enter_bailey_5, serial_rivers,
          chequers_serial_rivers_marsh, chequers_serial_rivers_large_a,
          chequers_serial_rivers_micro_b, chequers_serial_rivers_small_b,
          chequers_serial_rivers_room_a, worms_lemuel, uniq_pikel
D:10:     layout_rooms, erik_orc_4, serial_park_tiny_pond
D:11:     layout_grid_maze, uniq_harold, uniq_nergalle

Skill      XL: |  1  2  3  4  5  6  7  8  9 10 11 12 |
---------------+-------------------------------------+-----
Long Blades    | 4 5 6 7 8 10 12 14 | 14.0
Fighting       | 5 9 11 12 | 12.2
Evocations     | 2 6 |  6.0
Dodging        | 7 8 |  8.3
Armour         | |  2.2

Action                   |  1- 3 |  4- 6 |  7- 9 | 10-12 || total
-------------------------+-------+-------+-------+-------++-------
Melee: Falchion          |   100 |   154 |   247 |   211 ||   712
       Kick              |    25 |    38 |    70 |   153 ||   286
       Peck              |    12 |    23 |    46 |   102 ||   183
       Punch             |     1 |       |     4 |     6 ||    11
       Scimitar          |       |       |       |   114 ||   114
       Great sword       |       |       |       |   126 ||   126
Throw: Javelin           |       |       |     1 |       ||     1
Invok: Berserk           |     2 |     6 |     5 |    18 ||    31
       Trog's Hand       |       |       |     2 |     3 ||     5
Evoke: Wand              |       |       |       |    12 ||    12
  Use: Scroll            |       |     1 |    12 |     6 ||    19
       Potion            |       |       |       |     2 ||     2
 Stab: Distracted        |       |       |       |     1 ||     1
       Paralysed         |       |       |       |     3 ||     3
Armor: Animal skin       |     6 |       |       |       ||     6
       Scale mail        |    46 |    53 |    69 |   133 ||   301
Dodge: Dodged            |    58 |    77 |   111 |   270 ||   516

Table legend: (Time is in decaauts)
 A = Elapsed time spent in this place.
 B = Non-inter-level travel time spent in this place.
 C = Inter-level travel time spent in this place.
 D = Time resting spent in this place.
 E = Time spent auto-exploring this place.
 F = Levels seen in this place.
 G = Mean time per level.
                   A        B        C        D        E       F      G
               +--------+--------+--------+--------+--------+-----+--------+
         Total |  14894 |  14472 |    422 |   5516 |   5243 |  13 | 1145.7 |
       Dungeon |  13927 |  13505 |    422 |   5059 |   5241 |  11 | 1266.1 |
         Sewer |    292 |    292 |      0 |    201 |      1 |   1 |  292.0 |
        Bailey |    674 |    674 |      0 |    255 |      0 |   1 |  674.0 |
               +--------+--------+--------+--------+--------+-----+--------+

Top non-repeatable levels by time:
     D:8: 2648 daAuts
     D:9: 1803 daAuts
     D:7: 1668 daAuts
     D:1: 1502 daAuts
    D:10: 1163 daAuts
     D:6: 1115 daAuts
     D:4: 949 daAuts
     D:3: 941 daAuts
     D:5: 898 daAuts
     D:2: 870 daAuts
  Bailey: 674 daAuts
    D:11: 367 daAuts
   Sewer: 292 daAuts
